cohdb
Replays
Latest Replays
All Replays
Popular Replays
Top Player Replays
Match Explorer
How It Works
Community
CoH3 Stats
Reddit
Sign in to upload your games and track your stats! →
Sign in with Steam
Match 42939202
Unlisted
Match 42939202
Overview
Messages
Build Orders
End
Kettenkrad Recon Vehicle
Construct Infanterie Kompanie
Grenadier Squad
Grenadier Squad
Grenadier Squad
Construct Panzergrenadier Kompanie
Grenadier Squad
MG 42 Machine Gun Team
Pak 40 Anti-tank Gun Team
MG 42 Bunker
Construct Panzer Kompanie
Stoßtruppen Squad
MG 42 Bunker
Stoßtruppen Squad
KomandoFoka
Nudlar
Darbesky
Kapitan Kastet
0
0
Comments
sign in to comment!
No comments posted yet!